 Dungeon Crawl Stone Soup version 0.29.0-4-gdea44cf6ec (webtiles) character file.

Game seed: 5555681060589167738

3462 qw the Cleaver (level 9, -6/72 HPs)
             Began as a Demonspawn Cinder Acolyte on Sept 9, 2022.
             Was an Initiate of Ignis.
             Mangled by a yak (9 damage)
             ... on level 10 of the Dungeon.
             The game lasted 00:02:50 (9710 turns).

qw the Cleaver (Demonspawn Cinder Acolyte)          Turns: 9710, Time: 00:02:50

Health: -6/72      AC: 24    Str: 15 (18) XL:     9   Next: 78%
Magic:  10/10      EV:  5    Int: 17      God:    Ignis [......]
Gold:   183        SH:  0    Dex:  7 (8)  Spells: 10/10 levels left

rFire   + . .      SeeInvis .   Y - +0 war axe
rCold   + . .      Faith    .   (no shield)
rNeg    + . .      Spirit   .   n - +0 plate armour
rPois   .          Reflect  .   (helmet restricted)
rElec   .          Harm     .   c - +2 cloak {Stlth+}
rCorr   .          Rampage  .   i - +2 pair of gloves
Will    .....                   h - +2 pair of boots
Stlth   ..........              e - amulet of the acrobat
HPRegen 0.22/turn               d - ring of positive energy
MPRegen 0.12/turn               l - ring of protection from cold

@: lethally poisoned (-6 -> -10)
A: yellow scales 1, powered by pain 2, demonic magic 2, antennae 1
a: Renounce Religion, Rising Flame


You were on level 10 of the Dungeon.
You worshipped Ignis.
Ignis was noncommittal.
You visited 1 branch of the dungeon, and saw 10 of its levels.

You collected 405 gold pieces.
You spent 222 gold pieces at shops.


Innate Abilities, Weirdness & Mutations

You are partially covered in yellow scales. (AC +2)
You sometimes gain power by taking damage.
Spells you cast may paralyse nearby enemies.
You have a pair of small antennae on your head.


   Skills:
 - Level 7.4 Fighting
 - Level 10.0 Axes
 - Level 1.2 Throwing
 + Level 5.2 Armour
 - Level 1.4 Dodging
 - Level 1.0 Spellcasting
 - Level 2.6 Fire Magic


You had 10 spell levels left.
You didn't know any spells.
Your spell library contained the following spells:

 Spells                   Type           Power      Damage    Failure   Level
 Scorch                   Fire           18%        2d6       100%        2

Inventory:

Hand Weapons
 j - a +1 hand axe of flaming
 Y - a +0 war axe (weapon)
Armour
 c - a +2 cloak of stealth (worn)
 h - a +2 pair of boots (worn)
 i - a +2 pair of gloves (worn)
 n - a +0 plate armour (worn)
Jewellery
 a - a ring of ice
 d - a ring of positive energy (left hand)
 e - an amulet of the acrobat (around neck)
 l - a ring of protection from cold (right hand)
Scrolls
 t - a scroll of identify
Potions
 b - a potion of might
 g - a potion of curing
 m - a potion of cancellation
 p - 2 potions of haste
 r - a potion of invisibility {unknown}

Dungeon Overview and Level Annotations

Branches:
Dungeon (11/15)            Temple (0/1) D:7
   Lair: D:8-11         Orc: D:9-12

Altars:
Ashenzari
Cheibriados
Dithmenos
Fedhas
Gozag
Qazlal
Ru

Shops:
D:11 (


Message History

Your Fighting skill increases to level 7!
You hit the yak.
The yak is moderately wounded.
You closely miss the water moccasin.
The water moccasin bites you but does no damage.
The yak gores you.
A yak comes into view. x2
The water moccasin barely misses you.
The yak bellows! x2
You hit the yak but do no damage.
The yak is moderately wounded.
You closely miss the water moccasin. The water moccasin bites you.
You are poisoned.
The water moccasin poisons you!
You slash the yak!
The yak is heavily wounded.
You slash the water moccasin!
You hear the faint creaking of a portcullis nearby.
You feel very sick.
The water moccasin bites you but does no damage.
A water moccasin comes into view.
An iguana comes into view.
The yak gores you!
The water moccasin hisses angrily.
You hit the yak but do no damage.
The yak is heavily wounded.
You closely miss the water moccasin. You closely miss the yak.
You feel sick.
You hear an angry hiss.
The water moccasin bites you but does no damage. x2
The yak gores you.
A vampire comes into view.
The yak barely misses you.
You closely miss the yak.
The yak is heavily wounded.
You barely miss the water moccasin. You hit the yak.
You feel sick.
The water moccasin bites you but does no damage.
The yak gores you. The yak gores you!
You die...

#######).....##
#..##.##
########..##.#
#.........##.#
#........###.# V7.
#........##..#
..S.#######..##.##
..YY.Y#####.....#
#YS@.....####
#.YY###..#
............#
.......>.....#
P......#######
P#####. #. #.


You could see 6 yaks, a vampire and 2 water moccasins.

Vanquished Creatures
  A two-headed ogre (D:7)
  A gargoyle (D:10)
  Grinder (D:4)
  A troll (D:11)
  A wyvern (D:10)
  An ice beast (D:5)
  A black bear (D:5)
  3 ogres
  A centaur (D:8)
  A phantom (D:6)
  A kobold brigand (D:6)
  Blork the orc (D:4)
  A bullfrog (D:8)
  2 scorpions
  A necrophage (D:6)
  4 wights (D:6)
  4 electric eels (D:6)
  A jelly (D:6)
  4 hounds
  A gnoll bouda (D:4)
  3 orc priests
  5 iguanas
  6 orc wizards
  3 gnolls (D:4)
  7 adders
  3 worms
  A dart slug (D:2)
  15 orcs
  9 endoplasms
  4 giant cockroaches
  3 goblins
  4 hobgoblins
  3 jackals (D:3)
  9 kobolds
  4 quokkas
  4 ball pythons
  3 bats
  2 frilled lizards (D:2)
  4 rats
124 creatures vanquished.

Vanquished Creatures (others)
  A hobgoblin (D:3)
  2 fungi (D:10)
  20 plants
23 creatures vanquished.

Grand Total: 147 creatures vanquished

Notes
Turn   | Place    | Note
-------+----------+-------------------------------------------
     0 | D:1      | qw the Demonspawn Cinder Acolyte began the quest for the
                  | Orb.
     0 | D:1      | Reached XP level 1. HP: 18/18 MP: 2/2
     0 | D:1      | 0 ||| qw: Version: 0.1-a-113-g051387a
     0 | D:1      | 0 ||| qw: Game counter: 7225
     0 | D:1      | 0 ||| qw: Always use a shield: true
     0 | D:1      | 0 ||| qw: God list: Okawaru
     0 | D:1      | 0 ||| qw: Allow faded altars: false
     0 | D:1      | 0 ||| qw: Do Orc after D:15 true
     0 | D:1      | 0 ||| qw: Do second Lair branch before Depths: true
     0 | D:1      | 0 ||| qw: Lair rune preference: random
     0 | D:1      | 0 ||| qw: Plans: Normal
     0 | D:1      | 0 ||| PLANNING D:1-11
    62 | D:1      | Reached skill level 3 in Axes
   289 | D:1      | 289 ||| INVOKING Fiery Armour.
   467 | D:1      | Gained mutation: You sometimes gain a little power by
                  | taking damage. [demonic ancestry]
   467 | D:1      | Reached XP level 2. HP: 23/24 MP: 3/3
   796 | D:1      | 796 ||| UPGRADING to +0 helmet.
   801 | D:1      | 801 ||| UPGRADING to +0 ring mail.
   811 | D:1      | 811 ||| DROPPING +0 robe.
   812 | D:1      | 812 ||| UPGRADING to +0 pair of gloves.
   817 | D:1      | 817 ||| UPGRADING to +0 plate armour.
   827 | D:1      | 827 ||| DROPPING +0 ring mail.
   828 | D:1      | 828 ||| READING 3 scrolls labelled CYIWIR JYOPLOC.
   831 | D:1      | 831 ||| READING scroll labelled QETUPH RAESH.
   932 | D:1      | 932 ||| READING scroll labelled MILLEDOTIDE.
   933 | D:1      | 933 ||| READING scroll labelled GIENKE PORAI.
   934 | D:1      | 934 ||| DRINKING 3 pink potions.
   935 | D:1      | 935 ||| DRINKING 3 bubbling brown potions.
   936 | D:1      | 936 ||| DROPPING 2 potions of magic.
  1110 | D:2      | Reached skill level 1 in Armour
  1110 | D:2      | Reached XP level 3. HP: 26/29 MP: 4/4
  1409 | D:2      | Found a faded altar of an unknown god.
  1693 | D:2      | 1693 ||| UPGRADING to ring of positive energy.
  1841 | D:3      | HP: 7/29 [iguana (9)]
  1842 | D:3      | 1842 ||| READING 2 scrolls of teleportation.
  1842 | D:3      | HP: 3/29 [iguana (4)]
  1843 | D:3      | 1843 ||| INVOKING Fiery Armour.
  1994 | D:3      | 1994 ||| Stepping ~*~*~tactically~*~*~ (stealth).
  1996 | D:3      | 1996 ||| Stepping ~*~*~tactically~*~*~ (stealth).
  2134 | D:3      | Reached skill level 4 in Axes
  2134 | D:3      | Gained mutation: You sometimes gain power by taking damage.
                  | [demonic ancestry]
  2134 | D:3      | Reached XP level 4. HP: 30/35 MP: 5/5
  2333 | D:3      | Found a sacrificial altar of Ru.
  2337 | D:3      | 2337 ||| Stepping ~*~*~tactically~*~*~ (stealth).
  2344 | D:3      | 2344 ||| FLEEEEING.
  2348 | D:3      | 2348 ||| FLEEEEING.
  2349 | D:3      | 2349 ||| FLEEEEING.
  2352 | D:3      | 2352 ||| FLEEEEING.
  2353 | D:3      | 2353 ||| FLEEEEING.
  2355 | D:3      | 2355 ||| FLEEEEING.
  2356 | D:3      | 2356 ||| FLEEEEING.
  2357 | D:3      | 2357 ||| FLEEEEING.
  2358 | D:3      | 2358 ||| FLEEEEING.
  2359 | D:3      | 2359 ||| FLEEEEING.
  2362 | D:3      | 2362 ||| STAIRDANCE
  2421 | D:2      | 2421 ||| UPGRADING to +2 pair of boots.
  2426 | D:2      | 2426 ||| READING 2 scrolls labelled IDEFFIS XAWAA.
  2427 | D:2      | 2427 ||| READING scroll of enchant weapon.
  2427 | D:2      | 2427 ||| ENCHANTING +0 hand axe of flaming.
  2448 | D:3      | 2448 ||| Stepping ~*~*~tactically~*~*~ (stealth).
  2469 | D:3      | 2469 ||| FLEEEEING.
  2474 | D:3      | 2474 ||| STAIRDANCE
  2560 | D:3      | 2560 ||| READING scroll of enchant armour.
  2560 | D:3      | 2560 ||| ENCHANTING +0 pair of gloves.
  2666 | D:3      | 2666 ||| Stepping ~*~*~tactically~*~*~ (stealth).
  2671 | D:3      | 2671 ||| Stepping ~*~*~tactically~*~*~ (stealth).
  2683 | D:3      | 2683 ||| Stepping ~*~*~tactically~*~*~ (stealth).
  2685 | D:3      | 2685 ||| Stepping ~*~*~tactically~*~*~ (stealth).
  2690 | D:3      | 2690 ||| Stepping ~*~*~tactically~*~*~ (stealth).
  2690 | D:3      | Found a faded altar of an unknown god.
  2691 | D:3      | 2691 ||| Stepping ~*~*~tactically~*~*~ (stealth).
  2834 | D:3      | Gained mutation: You are partially covered in yellow
                  | scales. (AC +2) [demonic ancestry]
  2834 | D:3      | Reached XP level 5. HP: 38/41 MP: 6/6
  2860 | D:3      | Found a shadowy altar of Dithmenos.
  3024 | D:3      | Found a broken altar of Ashenzari.
  3089 | D:3      | 3089 ||| READING scroll labelled ECIJUHECAI.
  3103 | D:4      | 3103 ||| STAIRDANCE
  3128 | D:4      | 3128 ||| Stepping ~*~*~tactically~*~*~ (hiding).
  3134 | D:4      | 3134 ||| INVOKING Fiery Armour.
  3140 | D:4      | Reached skill level 5 in Axes
  3336 | D:4      | Noticed Grinder
  3337 | D:4      | Found an opulent altar of Gozag.
  3345 | D:4      | Paralysed by Grinder for 3 turns
  3350 | D:4      | Paralysed by Grinder for 5 turns
  3357 | D:4      | 3357 ||| INVOKING Fiery Armour.
  3358 | D:4      | Killed Grinder
  3359 | D:4      | Reached skill level 6 in Axes
  3359 | D:4      | Reached XP level 6. HP: 16/47 MP: 7/7
  3660 | D:4      | Noticed Blork the orc
  3669 | D:4      | Killed Blork the orc
  3670 | D:4      | Reached skill level 3 in Armour
  3804 | D:4      | Found a stormy altar of Qazlal.
  4016 | D:4      | Reached XP level 7. HP: 52/52 MP: 8/8
  4121 | D:4      | 4121 ||| READING scroll of enchant armour.
  4121 | D:4      | 4121 ||| ENCHANTING +1 pair of gloves.
  4187 | D:4      | 4187 ||| DROPPING amulet of magic regeneration.
  4188 | D:4      | 4188 ||| READING scroll labelled KIALOI ROOLIMU.
  4189 | D:4      | 4189 ||| READING scroll labelled RAM QOAWNIWAE.
  4190 | D:4      | 4190 ||| DRINKING 2 coppery potions.
  4191 | D:4      | 4191 ||| DRINKING 2 silvery potions.
  4248 | D:4      | 4248 ||| DRINKING 2 brown potions.
  4248 | D:4      | Gained mutation: You occasionally lose the ability to read
                  | scrolls when taking damage. [potion of mutation]
  4249 | D:4      | 4249 ||| DRINKING potion of mutation.
  4249 | D:4      | Lost mutation: You occasionally lose the ability to read
                  | scrolls when taking damage. [potion of mutation]
  4249 | D:4      | Gained mutation: You are agile. (Dex +4, Str/Int -1)
                  | [potion of mutation]
  4249 | D:4      | Lost mutation: You are agile. (Dex +4, Str/Int -1) [potion
                  | of mutation]
  4249 | D:4      | Gained mutation: You have a pair of small antennae on your
                  | head. [potion of mutation]
  4250 | D:4      | 4250 ||| DROPPING +0 helmet.
  4251 | D:4      | 4251 ||| DROPPING potion of lignification.
  4348 | D:5      | Entered Level 5 of the Dungeon
  4349 | D:5      | 4349 ||| PLANNING SEWER
  4353 | D:5      | 4353 ||| STAIRDANCE
  4361 | D:5      | 4361 ||| STAIRDANCE
  4471 | D:5      | 4471 ||| STAIRDANCE
  4556 | D:5      | 4556 ||| STAIRDANCE
  4563 | D:4      | 4563 ||| INVOKING Fiery Armour.
  4729 | D:5      | 4729 ||| STAIRDANCE
  4816 | D:5      | 4816 ||| Stepping ~*~*~tactically~*~*~ (stealth).
  4818 | D:5      | 4818 ||| Stepping ~*~*~tactically~*~*~ (stealth).
  4821 | D:5      | 4821 ||| Stepping ~*~*~tactically~*~*~ (hiding).
  4827 | D:5      | 4827 ||| DRINKING 2 potions of curing.
  4827 | D:5      | 4827 ||| (to cure confusion)
  4889 | D:5      | 4889 ||| Stepping ~*~*~tactically~*~*~ (stealth).
  4960 | D:5      | 4960 ||| INVOKING Fiery Armour.
  4963 | D:5      | HP: 2/54 [ogre/+0 giant club (18)]
  4964 | D:5      | 4964 ||| READING 2 scrolls of teleportation.
  4965 | D:5      | 4965 ||| DRINKING potion of heal wounds.
  4965 | D:5      | 4965 ||| RIP SEWER
  4966 | D:5      | 4966 ||| PLANNING D:1-11
  5033 | D:5      | Reached skill level 7 in Axes
  5588 | D:5      | Reached skill level 1 in Throwing
  5588 | D:5      | Gained mutation: Spells you cast may paralyse adjacent
                  | enemies. [demonic ancestry]
  5588 | D:5      | Reached XP level 8. HP: 43/60 MP: 9/9
  5910 | D:5      | 5910 ||| UPGRADING to amulet of the acrobat.
  5915 | D:5      | 5915 ||| READING scroll labelled NUAGATHIHEY.
  5916 | D:5      | 5916 ||| DRINKING 2 emerald potions.
  5917 | D:5      | 5917 ||| DRINKING 2 amethyst potions.
  5918 | D:5      | 5918 ||| DRINKING 2 viscous pink potions.
  6019 | D:5      | 6019 ||| DROPPING potion of ambrosia.
  6034 | D:6      | 6034 ||| Stepping ~*~*~tactically~*~*~ (stealth).
  6043 | D:6      | Reached skill level 8 in Axes
  6253 | D:6      | Reached skill level 1 in Dodging
  6430 | D:6      | Identified the +5 scale mail of Qitirr {Stlth+}
  6454 | D:6      | 6454 ||| INVOKING Fiery Armour.
  6687 | D:6      | 6687 ||| FLEEEEING.
  6688 | D:6      | 6688 ||| FLEEEEING.
  6689 | D:6      | 6689 ||| FLEEEEING.
  6690 | D:6      | 6690 ||| FLEEEEING.
  6691 | D:6      | 6691 ||| FLEEEEING.
  6692 | D:6      | 6692 ||| FLEEEEING.
  6822 | D:6      | 6822 ||| FLEEEEING.
  6928 | D:6      | 6928 ||| FLEEEEING.
  6929 | D:6      | 6929 ||| FLEEEEING.
  7122 | D:6      | 7122 ||| INVOKING Fiery Armour.
  7407 | D:6      | Identified the +11 spear of the Empty Page {holy, rPois}
  7452 | D:6      | 7452 ||| SWAPPING to +0 war axe.
  7619 | D:6      | 7619 ||| Stepping ~*~*~tactically~*~*~ (hiding).
  7621 | D:6      | 7621 ||| INVOKING Fiery Armour.
  7637 | D:6      | Reached skill level 9 in Axes
  7892 | D:6      | 7892 ||| UPGRADING to ring of protection from cold.
  7975 | D:7      | 7975 ||| INVOKING Fiery Armour.
  7979 | D:7      | Noticed a two-headed ogre
  7985 | D:7      | HP: 15/63 [ogre/+0 giant club (12)]
  7986 | D:7      | 7986 ||| READING 2 scrolls of teleportation.
  7987 | D:7      | 7987 ||| DRINKING potion of heal wounds.
  7989 | D:7      | Gained mutation: Spells you cast may paralyse nearby
                  | enemies. [demonic ancestry]
  7989 | D:7      | Reached XP level 9. HP: 29/68 MP: 10/10
  7990 | D:7      | Reached skill level 6 in Fighting
  8254 | D:7      | 8254 ||| INVOKING Fiery Armour.
  8260 | D:7      | Killed a two-headed ogre
  8261 | D:7      | Reached skill level 10 in Axes
  8476 | D:7      | Found a staircase to the Ecumenical Temple.
  8482 | D:7      | Found a snail-covered altar of Cheibriados.
  8726 | D:7      | 8726 ||| DRINKING 2 clear potions.
  8727 | D:7      | 8727 ||| READING 3 scrolls of identify.
  8727 | D:7      | 8727 ||| IDENTIFYING yellow potion
  8728 | D:7      | 8728 ||| READING 2 scrolls of identify.
  8728 | D:7      | 8728 ||| IDENTIFYING dark potion
  8729 | D:7      | 8729 ||| DROPPING potion of brilliance.
  8730 | D:7      | 8730 ||| DROPPING potion of berserk rage.
  8731 | D:7      | 8731 ||| DROPPING potion of degeneration.
  8756 | D:8      | 8756 ||| Stepping ~*~*~tactically~*~*~ (hiding).
  8870 | D:8      | Paralysed by a hornet for 3 turns
  8877 | D:8      | 8877 ||| INVOKING Fiery Armour.
  8878 | D:8      | HP: 14/69 [poisoned by a hornet]
  8879 | D:8      | 8879 ||| READING scroll of teleportation.
  8880 | D:8      | HP: 6/69 [poisoned by a hornet]
  8881 | D:8      | 8881 ||| DRINKING 2 potions of curing.
  8881 | D:8      | 8881 ||| (to cure poison)
  9164 | D:8      | You fall into a shaft and drop 3 floors!
  9202 | D:11     | Found Yreorph's Antique Weapon Shoppe.
  9213 | D:11     | Noticed a troll
  9214 | D:11     | 9214 ||| BUYING glowing hand axe (222 gold).
  9214 | D:11     | Bought a glowing hand axe for 222 gold pieces
  9214 | D:11     | 9214 ||| DROPPING +2 vorpal hand axe.
  9227 | D:11     | 9227 ||| INVOKING Fiery Armour.
  9229 | D:11     | Killed a troll
  9490 | D:11     | 9490 ||| UPGRADING to +2 cloak of stealth.
  9495 | D:11     | 9495 ||| READING scroll labelled XOEMAN ISANONK.
  9496 | D:11     | 9496 ||| READING 3 scrolls of identify.
  9496 | D:11     | 9496 ||| IDENTIFYING purple potion
  9497 | D:11     | 9497 ||| READING 2 scrolls of identify.
  9497 | D:11     | 9497 ||| IDENTIFYING bubbling blue potion
  9498 | D:11     | 9498 ||| DROPPING potion of attraction.
  9506 | D:10     | Entered Level 10 of the Dungeon
  9509 | D:10     | Found a blossoming altar of Fedhas.
  9559 | D:10     | Noticed a gargoyle
  9560 | D:10     | 9560 ||| Stepping ~*~*~tactically~*~*~ (hiding).
  9561 | D:10     | 9561 ||| Stepping ~*~*~tactically~*~*~ (hiding).
  9562 | D:10     | 9562 ||| Stepping ~*~*~tactically~*~*~ (hiding).
  9564 | D:10     | 9564 ||| Stepping ~*~*~tactically~*~*~ (hiding).
  9570 | D:10     | Killed a gargoyle
  9708 | D:10     | HP: 14/72 [yak (11)]
  9710 | D:10     | HP: 3/72 [yak (4)]
  9710 | D:10     | Mangled by a yak

Levels and vault maps discovered:
D:1:      doesnt_arrival_eight_statues, layout_rooms
D:2:      layout_basic, ebering_ecumenical_altar_hall
D:3:      layout_basic, lemuel_coloured_pillars_altar,
          mainiacjoe_overflow_cross_hatched, nicolae_overflow_ecumenical_swirl,
          dk_noncrumbling_3
D:4:      layout_loops_ring, grunt_gozag_breadcrumbs,
          mainiacjoe_overflow_alcove_1, chequers_serial_rivers_small_b,
          glass_columns_a, uniq_grinder, uniq_blork_the_orc
D:5:      layout_gridville, cheibrodos_sewer_entry_drain
D:6:      layout_rooms, minmay_misc_feat_columns, minmay_misc_feat_tiny,
          kennysheep_small_spiral, serial_bayou_lagoon_b
D:7:      layout_basic, nicolae_elyvilon_peaceful_grove, lemuel_crystal_altar,
          minmay_temple_entry_butterflies
D:8:      layout_basic, gammafunk_ghost_abyssal_escape, dk_noncrumbling_2,
          corner_web_ring, minmay_orc_keep
D:10:     layout_basic, mainiacjoe_overflow_paths, minmay_lair_entry_grove,
          enter_bailey_3, serial_shops, nicolae_shop_behind_doors,
          nicolae_shop_behind_doors, nicolae_figureground_sparkle
D:11:     layout_loops_corners, portal_ice_cave_entry_animals_and_master,
          serial_shops, nicolae_shop_overgrown_old_shop, elves_outpost_lemuel

Skill      XL: |  1  2  3  4  5  6  7  8  9 |
---------------+----------------------------+-----
Axes           | 3 4 6 7 9 10 | 10.0
Armour         | 1 2 3 4 5 |  5.2
Fighting       | 4 5 7 |  7.4
Throwing       | 1 |  1.2
Dodging        | 1 |  1.4
Spellcasting   | |  1.0
Fire Magic     | |  2.6

Action                   |  1- 3 |  4- 6 |  7- 9 || total
-------------------------+-------+-------+-------++-------
Melee: Hand axe          |   123 |   125 |   221 ||   469
       Punch             |     1 |     1 |     4 ||     6
       War axe           |       |       |    83 ||    83
Throw: Boomerang         |       |       |    31 ||    31
Invok: Fiery Armour      |     2 |     2 |     9 ||    13
  Use: Scroll            |     5 |     4 |    12 ||    21
       Potion            |     2 |       |    12 ||    14
Armor: Robe              |    10 |       |       ||    10
       Plate armour      |    73 |    83 |   192 ||   348
Dodge: Dodged            |    31 |    27 |    73 ||   131

Table legend:
 A = Non-vault XP
 B = Vault XP
 C = Vault XP percentage of total XP
 D = Non-vault monster count
 E = Vault monster count
 F = Vault count percentage of total count
                 A         B        C        D         E       F
            +---------+---------+-------+---------+---------+-------
      Total |    4342 |     605 |  12.2 |     118 |       6 |   4.8
            +---------+---------+-------+---------+---------+-------
        D:1 |      19 |       0 |   0.0 |      10 |       0 |   0.0
        D:2 |      46 |       0 |   0.0 |      12 |       0 |   0.0
        D:3 |     144 |       0 |   0.0 |      26 |       0 |   0.0
        D:4 |     245 |     363 |  59.7 |      22 |       2 |   8.3
        D:5 |     726 |      12 |   1.6 |      13 |       3 |  18.8
        D:6 |    1166 |       0 |   0.0 |      24 |       0 |   0.0
        D:7 |    1117 |       0 |   0.0 |       7 |       0 |   0.0
        D:8 |     202 |       0 |   0.0 |       2 |       0 |   0.0
       D:10 |     406 |     230 |  36.2 |       1 |       1 |  50.0
       D:11 |     271 |       0 |   0.0 |       1 |       0 |   0.0
            +---------+---------+-------+---------+---------+-------
